 Dungeon Crawl Stone Soup version 0.30.1-4-g462c640d31 (webtiles) character file.

Game seed: 2175371000639900136

4659 LynnLen the Covert (level 10, -10/51 HPs)
             Began as a Spriggan Enchanter on Sept 7, 2023.
             Was a Priest of Dithmenos.
             Mangled by an orc warlord
             ... wielding a +6 broad axe
              (31 damage)
             ... in a bailey on Sept 8, 2023.
             The game lasted 00:36:32 (9749 turns).

LynnLen the Covert (Spriggan Enchanter)             Turns: 9749, Time: 00:36:33

Health: -10/51     AC:  4    Str:  7    XL:     10   Next: 20%
Magic:  20/22      EV: 21    Int: 21    God:    Dithmenos [***...]
Gold:   77         SH:  0    Dex: 16    Spells: 15/23 levels left

rFire   . . .        a - +3 dagger
rCold   x . .        (no shield)
rNeg    . . .        b - +0 robe
rPois   .            (helmet restricted)
rElec   +            v - +1 cloak of the Abyss {rElec rC- Str+3 SInv}
rCorr   .            (gloves unavailable)
SInv    +            (boots unavailable)
Will    +....        k - amulet of the acrobat
Stlth   ++++++       (no ring)
HPRegen 0.28/turn    (no ring)
MPRegen 0.18/turn

%: acrobat
@: wreathed by umbra, very quick
A: very small, no large weapons, unfitting armour, see invisible, speed 3
a: Renounce Religion, Shadow Step


You were in a bailey.
You worshipped Dithmenos.
Dithmenos was most pleased with you.
You visited 2 branches of the dungeon, and saw 9 of its levels.
You also visited: Bailey.

You collected 317 gold pieces.
You spent 240 gold pieces at shops.

Inventory:

Hand Weapons
 a - a +3 dagger (weapon)
Missiles
 s - 3 throwing nets
Armour
 b - a +0 robe (worn)
 n - a +0 cloak
 v - the +1 cloak of the Abyss (worn) {rElec rC- Str+3 SInv}
   (You bought it in a shop on level 2 of the Dungeon)

   Str:       It affects your strength (+3).
   rC:        It makes you vulnerable to cold.
   rElec:     It insulates you from electricity.
   SInv:      It lets you see invisible.
Jewellery
 k - an amulet of the acrobat (around neck)
Wands
 i - a wand of paralysis (19)
 w - a wand of iceblast (14)
Scrolls
 h - 2 scrolls of fog
 j - 2 scrolls of amnesia
 m - 3 scrolls of teleportation
 o - 2 scrolls of immolation {unknown}
 p - a scroll of blinking {unknown}
 u - a scroll of enchant armour {unknown}
Potions
 c - a potion of invisibility
 d - 2 potions of mutation
 e - 3 potions of curing
 f - a potion of might
 g - 2 potions of flight
 l - a potion of ambrosia {unknown}
 q - 2 potions of brilliance {unknown}
 r - a potion of haste {unknown}
 t - 2 potions of lignification {unknown}


   Skills:
 + Level 4.4 Fighting
 * Level 6.4 Short Blades
 + Level 7.8 Dodging
 + Level 9.9 Stealth
 + Level 7.3 Spellcasting
 + Level 7.7 Hexes
 - Level 4.1 Ice Magic
 + Level 1.5 Invocations


You had 15 spell levels left.
You knew the following spells:

 Your Spells              Type           Power      Damage    Failure   Level
a - Ensorcelled Hibernat  Hex/Ice        64%        N/A       1%          2
b - Confusing Touch       Hex            40%        N/A       1%          3
c - Tukima's Dance        Hex            40%        N/A       1%          3

Your spell library contained the following spells:

 Spells                   Type           Power      Damage    Failure   Level
 Dazzling Flash           Conj/Hex       48%        N/A       5%          3
 Foxfire                  Conj/Fire      28%        2x1d5     9%          1
 Fireball                 Conj/Fire      3%         3d4       93%         5
 Plasma Beam              Fire/Air       3%         2x1d15    100%        6
 Starburst                Conj/Fire      3%         6d3       100%        6


Dungeon Overview and Level Annotations

Branches:
Dungeon (8/15)             Temple (1/1) D:7          Bailey (1/1)
   Lair: D:8-11

Altars:
Ashenzari
Cheibriados
Dithmenos
Elyvilon
Fedhas
Gozag
Hepliaklqana
Kikubaaqudgha
Makhleb
Nemelex Xobeh
Okawaru
Qazlal
Ru
Sif Muna
Trog
Uskayaw
Xom
Yredelemnul
Zin
The Shining One

Shops:
D:1 !   D:2 [   D:8 *

Annotations:
D:3 1 runed translucent door


Innate Abilities, Weirdness & Mutations

You are very small and have problems with some larger weapons.
You are too small for most types of armour.
You have supernaturally acute eyesight. (SInv)
You cover ground extremely quickly. (Speed+++)


Message History

a +0 war axe; a +0 scale mail; an orc corpse
Aiming: Ensorcelled Hibernation (safe; 1% risk of failure)
Press: ? - help, Q - select action, (/) - cycle Shift-Dir - straight line, f - orc warlord
Aim: an orc warlord, wielding a +6 broad axe and wearing a +0 plate armour (umbra, chance to affect: 27%)
The orc warlord looks drowsy...
A goblin opens the door.
The helpless orc warlord fails to defend itself.
You spit the orc warlord like a pig!!!
The orc warlord is heavily wounded.
The orc warlord hits you with a +6 broad axe!!
Ouch! That really hurt!
* * * LOW HITPOINT WARNING * * *
You emit a cloud of dark smoke.
The goblin shouts!
You hear a shout!
You feel better. The goblin barely misses you.
The orc warlord roars a battlecry!
Things that are here:
a +0 hand axe; a +0 leather armour
Things that are here:
a +0 hand axe; a +0 leather armour; a hobgoblin corpse
Aiming: Ensorcelled Hibernation (safe; 1% risk of failure)
Press: ? - help, Q - select action, (/) - cycle Shift-Dir - straight line, f - goblin, p - orc warlord
Aim: a goblin, wielding a +0 hand axe and wearing a +0 leather armour (umbra, chance to affect: 77%)
The goblin looks drowsy...
Unknown command.
The helpless goblin fails to defend itself.
You stick the goblin like a pincushion!!!
You kill the goblin!
Dithmenos accepts your kill.
Aiming: Paralyse
Press: ? - help, Shift-Dir - straight line, f - orc warlord
Aim: an orc warlord, wielding a +6 broad axe and wearing a +0 plate armour (heavily wounded, umbra, chance to affect: 17%)
The orc warlord resists with almost no effort.
Unknown command.
As you open the door, it creaks loudly!
The orc warlord hits you with a +6 broad axe!!
Ouch! That really hurt!
You die...

..##.....##.........##
...#######.....⌠.....#
..## ##.........## ..#
#.........# .##
##.......## .#
#.......# ## ##.....##
# ####'## ## ##)..@.##
.# #....o..# .##
##.......## ..# .
#....)....# ..##
.###...§)§...## ...#
'###....§)§§.§.# ..##
8.88##.o.§§§§§§## ..#
..... #..)§§.§§§#
)##.......##.)§§§§§##


You could see an orc warlord and an orc (strong).

Vanquished Creatures
  An orc knight (Bailey)
  Sigmund (D:6)
  A steam dragon (D:8)
  2 water moccasins (D:8)
  12 orc warriors (Bailey)
  2 ice beasts (D:6)
  2 sky beasts (D:7)
  4 centaurs
  An ogre (D:4)
  A phantom (D:5)
  2 gnoll sergeants
  3 scorpions
  5 wights (D:6)
  2 howler monkeys (D:7)
  4 hounds
  2 jellies (D:5)
  3 orc priests
  2 gnoll boudas
  An iguana (D:6)
  6 orc wizards
  6 adders
  15 gnolls
  A shadow imp (D:6)
  2 white imps
  2 ufetubi
  3 worms
  A dart slug (D:2)
  17 orcs
  6 endoplasms
  2 giant cockroaches (D:4)
  18 goblins
  21 hobgoblins
  4 jackals
  6 quokkas
  8 ball pythons
  8 bats
  3 frilled lizards
  3 kobolds
  A kobold skeleton (D:3)
  A rat (D:1)
185 creatures vanquished.

Vanquished Creatures (collateral kills)
  2 ogres
  9 gnolls
11 creatures vanquished.

Vanquished Creatures (others)
  8 dancing weapons
8 creatures vanquished.

Grand Total: 204 creatures vanquished

Notes
Turn   | Place    | Note
-------+----------+-------------------------------------------
     0 | D:1      | LynnLen the Spriggan Enchanter began the quest for the Orb.
     0 | D:1      | Reached XP level 1. HP: 9/9 MP: 5/5
   344 | D:1      | Reached XP level 2. HP: 13/13 MP: 6/6
   348 | D:1      | Learned a level 2 spell: Ensorcelled Hibernation
   434 | D:1      | Found Zoicvi Cesm's Distillery.
  1063 | D:2      | Reached XP level 3. HP: 16/16 MP: 8/8
  1071 | D:2      | Learned a level 3 spell: Confusing Touch
  1075 | D:2      | Learned a level 3 spell: Tukima's Dance
  1469 | D:2      | Found Tiuraov's Antique Armour Emporium.
  1612 | D:1      | Bought a potion of degeneration for 12 gold pieces
  1749 | D:2      | Found a faded altar of an unknown god.
  1825 | D:2      | Found a blossoming altar of Fedhas.
  1915 | D:2      | Reached skill level 5 in Stealth
  2236 | D:2      | Reached XP level 4. HP: 20/21 MP: 6/9
  2383 | D:2      | Reached skill level 1 in Fighting
  2764 | D:3      | Found a shadowy altar of Dithmenos.
  2769 | D:3      | Became a worshipper of Dithmenos the Shadowed
  3203 | D:3      | Found a runed translucent door.
  3203 | D:3      | Noticed a human
  3206 | D:3      | Found a basalt altar of Yredelemnul.
  3786 | D:4      | Reached skill level 1 in Ice Magic
  3786 | D:4      | Reached XP level 5. HP: 25/25 MP: 4/11
  3917 | D:4      | Noticed an ogre
  3927 | D:4      | Killed an ogre
  4100 | D:4      | Found a white marble altar of Elyvilon.
  4568 | D:5      | Entered Level 5 of the Dungeon
  4570 | D:5      | Reached XP level 6. HP: 30/30 MP: 12/12
  4783 | D:5      | Reached * piety under Dithmenos
  4784 | D:5      | Reached skill level 6 in Stealth
  4856 | D:5      | Reached skill level 5 in Hexes
  4863 | D:5      | Reached XP level 7. HP: 27/34 MP: 6/14
  5122 | D:5      | Found an opulent altar of Gozag.
  5496 | D:5      | Reached skill level 5 in Dodging
  5848 | D:6      | Reached skill level 7 in Stealth
  5965 | D:6      | Reached skill level 5 in Spellcasting
  6050 | D:6      | Reached XP level 8. HP: 39/39 MP: 13/16
  6243 | D:6      | Reached ** piety under Dithmenos
  6376 | D:6      | Found an iron altar of Okawaru.
  6869 | D:6      | Reached skill level 8 in Stealth
  6961 | D:6      | Noticed Sigmund
  6968 | D:6      | Killed Sigmund
  7166 | D:2      | Bought a faintly humming cloak for 228 gold pieces
  7166 | D:2      | Identified the +1 cloak of the Abyss {rElec rC- Str+3 SInv}
                  | (You bought it in a shop on level 2 of the Dungeon)
  7381 | D:7      | Reached XP level 9. HP: 44/44 MP: 19/19
  7765 | D:7      | Found a staircase to the Ecumenical Temple.
  7906 | D:7      | Reached skill level 5 in Short Blades
  8326 | Temple   | Entered the Ecumenical Temple
  8684 | D:8      | Found Suqoryh's Lightly-Used Armoury.
  8713 | D:8      | Found a sparkling altar of Nemelex Xobeh.
  8764 | D:8      | Reached skill level 9 in Stealth
  8866 | D:8      | Found a flagged portal.
  8872 | Bailey   | Entered a bailey
  8970 | Bailey   | Reached *** piety under Dithmenos
  9146 | Bailey   | Noticed an orc knight
  9262 | Bailey   | Killed an orc knight
  9263 | Bailey   | Reached XP level 10. HP: 37/50 MP: 17/21
  9437 | Bailey   | Reached skill level 1 in Invocations
  9629 | Bailey   | Noticed an orc warlord
  9749 | Bailey   | Mangled by an orc warlord

Illustrated notes

Levels and vault maps discovered:
D:1:      lightli_arrival_noodles, layout_basic, serial_shops, shop
D:2:      wad_pebble_path, layout_basic, serial_shops, shop,
          dilly_ecumenical_altar_fadedgnrine, basic_altar
D:3:      layout_basic, dk_yredelemnul_ordeal, grunt_dithmenos_smoke_and_mirrors
D:4:      layout_loops_ring, old_standard_altar, kennysheep_generic_room_6
D:5:      layout_loops_ring, lemuel_doored_altar, nicolae_nh_ransacked_shop
D:6:      layout_basic, mainiacjoe_overflow_catwalk, uniq_sigmund
D:7:      layout_cave_pools, minmay_temple_entry_arrows
D:8:      layout_gridville, nemelex_spade_bored_becter, enter_bailey_3,
          minmay_shop_damaged, minivault_14, nicolae_figureground_pulse
Temple:   jpeg_temple_clearing
Bailey:   bailey_axe_minmay_hex_keep, bailey

Skill      XL: |  1  2  3  4  5  6  7  8  9 10 |
---------------+-------------------------------+-----
Spellcasting   | 3 4 5 6 7 |  7.3
Dodging        | 3 4 5 6 7 |  7.8
Hexes          | 4 5 6 7 |  7.7
Stealth        | 5 6 7 8 9 |  9.9
Fighting       | 1 2 3 4 |  4.4
Short Blades   | 2 3 4 6 |  6.4
Ice Magic      | 1 2 3 4 |  4.1
Invocations    | 1 |  1.5

Action                     |  1- 3 |  4- 6 |  7- 9 | 10-12 || total
---------------------------+-------+-------+-------+-------++-------
  Melee: Dagger            |   115 |    92 |   324 |    31 ||   562
         Punch             |     4 |       |     7 |     1 ||    12
   Cast: Ensorcelled Hiber |    15 |    24 |    55 |    18 ||   112
         Tukima's Dance    |     1 |     4 |    24 |       ||    29
         Confusing Touch   |       |     2 |     8 |       ||    10
  Evoke: Wand              |       |       |     1 |     1 ||     2
    Use: Scroll            |     5 |     4 |     1 |       ||    10
         Potion            |       |       |     2 |     1 ||     3
   Stab: Sleeping          |    18 |    22 |    48 |    12 ||   100
         Confused          |       |     2 |     8 |       ||    10
         Distracted        |       |     1 |     1 |       ||     2
         Paralysed         |       |       |     1 |       ||     1
 Armour: Robe              |    13 |     6 |    17 |     2 ||    38
  Dodge: Dodged            |    78 |    51 |   268 |    17 ||   414
